 Dungeon Crawl Stone Soup version 0.27-a0-1200-g94dc6ad4cf (webtiles) character file.

Game seed: 5278593739430138481

192 flotson the Sneak (level 5, -1/42 HPs)
             Began as a Demonspawn Delver on May 31, 2021.
             Slain by a black bear (4 damage)
             ... on level 2 of the Dungeon.
             The game lasted 00:04:55 (2889 turns).

flotson the Sneak (Demonspawn Delver)               Turns: 2889, Time: 00:04:56

Health: -1/42      AC:  5    Str: 13    XL:     5   Next: 42%
Magic:  5/5        EV: 11    Int: 12    God:
Gold:   205        SH:  0    Dex: 14    Spells: 4/4 levels left

rFire    . . .     SeeInvis .   a - +0 spear
rCold    . . .     Faith    .   (no shield)
rNeg     . . .     Spirit   .   d - +0 ring mail
rPois    .         Reflect  .   (helmet restricted)
rElec    .         Harm     .   (no cloak)
rCorr    .         Rampage  .   (no gloves)
Will     .....                  (no boots)
Stlth    ++........             (no amulet)
HPRegen  0.14/turn              (no ring)
MPRegen  0.09/turn              (no ring)

@: no status effects
A: antennae 2
a: no special abilities


You were on level 2 of the Dungeon.
You visited 1 branch of the dungeon, and saw 6 of its levels.

You collected 205 gold pieces.

Inventory:

Hand Weapons
 a - a +0 spear (weapon)
Missiles
 b - 3 boomerangs
 f - 2 poisoned darts (quivered)
 h - 15 sling bullets
Armour
 d - a +0 ring mail (worn)
Jewellery
 k - a ring of ice
Wands
 g - a wand of digging (2)
Scrolls
 c - a scroll of fog
 e - 2 scrolls of fear
 j - 2 scrolls of teleportation {unknown}
 l - 2 scrolls of enchant weapon {unknown}
 m - a scroll of vulnerability {unknown}
Potions
 i - a potion of lignification {unknown}
 n - 2 potions of haste


   Skills:
 + Level 3.8 Fighting
 + Level 1.7(2.1) Axes
 - Level 1.7(2.1) Polearms
 - Level 1.0 Throwing
 + Level 1.8 Armour
 + Level 2.8 Dodging
 - Level 5.0 Stealth


You had 4 spell levels left.
You didn't know any spells.
Your spell library was empty.

Dungeon Overview and Level Annotations

Branches:
Dungeon (6/15)
 Temple: D:4-7

Altars:
Ashenzari


Innate Abilities, Weirdness & Mutations

You have a pair of antennae on your head.


Message History

The black bear is almost dead.
The black bear bites you. The black bear claws you. x2
You closely miss the black bear.
The black bear is almost dead.
The black bear bites you.
The black bear claws you but does no damage.
The black bear claws you.
You completely miss the black bear.
The black bear is almost dead.
The black bear barely misses you. x2; The black bear claws you.
The black bear bites you!
* * * LOW HITPOINT WARNING * * *
The black bear claws you.
* * * LOW HITPOINT WARNING * * *
The black bear closely misses you.
You hit the black bear.
The black bear is almost dead.
The black bear bites you.
* * * LOW HITPOINT WARNING * * *
The black bear barely misses you. The black bear closely misses you.
The black bear closely misses you.
The black bear claws you but does no damage. x2
The black bear looks more healthy.
The black bear bites you but does no damage.
The black bear claws you.
* * * LOW HITPOINT WARNING * * *
The black bear completely misses you.
Throw: 4 darts (poison)
Press: ? - help, Q - select action, (/) - cycle Shift-Dir - straight line, f/p - black bear
Aim: a black bear (almost dead, berserk, 67% to hit)
You throw a poisoned dart.
The poisoned dart barely misses the black bear.
The black bear barely misses you. The black bear closely misses you. x2
Throw: 3 darts (poison)
Press: ? - help, Q - select action, (/) - cycle Shift-Dir - straight line, f/p - black bear
Aim: a black bear (almost dead, berserk, 67% to hit)
You throw a poisoned dart.
The poisoned dart barely misses the black bear.
The black bear barely misses you. The black bear claws you.
You die...

####.....###.#....##..#
(..........h.####.##..#
############## #......#
#......# #......#
##.#.#.## #(....<.##
#h.#.#...# #@.#.##..#
#........# #.##.#...#
#.##.#...# #....[...#
####.#.#.# # #.#.#.# .
#.#.#.# #.#.#.#


You could see a black bear (berserk).

Vanquished Creatures
  A howler monkey (D:5)
  A hound (D:5)
  3 gnolls (D:3)
  4 adders
  An adder skeleton (D:4)
  A worm (D:3)
  2 dart slugs
  2 orcs
  5 ball pythons
  4 endoplasms
  A giant cockroach (D:1)
  6 goblins
  3 hobgoblins
  5 jackals
  2 quokkas (D:1)
  5 bats
  2 frilled lizards
  3 kobolds
  3 rats (D:1)
54 creatures vanquished.

Vanquished Creatures (others)
  3 plants (D:4)
3 creatures vanquished.

Grand Total: 57 creatures vanquished

Notes
Turn   | Place    | Note
-------+----------+-------------------------------------------
     0 | D:5      | flotson the Demonspawn Delver began the quest for the Orb.
     0 | D:5      | Reached XP level 1. HP: 18/18 MP: 1/1
    13 | D:5      | Noticed a hound
    33 | D:5      | Killed a hound
    34 | D:5      | Gained mutation: You have a pair of small antennae on your
                  | head. [demonic ancestry]
    34 | D:5      | Reached XP level 2. HP: 11/24 MP: 2/2
    34 | D:5      | Reached XP level 3. HP: 14/29 MP: 3/3
   218 | D:5      | Reached skill level 1 in Axes
   218 | D:5      | Reached skill level 1 in Armour
   448 | D:5      | Reached XP level 4. HP: 27/35 MP: 4/4
   540 | D:5      | Noticed an ice beast
   888 | D:3      | Reached skill level 5 in Stealth
  1070 | D:3      | Reached skill level 1 in Throwing
  1113 | D:3      | You fall into a shaft and drop 3 floors!
  1114 | D:6      | Noticed a troll
  1235 | D:4      | Noticed a phantom
  1250 | D:4      | Gained mutation: You have a pair of antennae on your head.
                  | [demonic ancestry]
  1250 | D:4      | Reached XP level 5. HP: 42/42 MP: 5/5
  1250 | D:4      | Found a broken altar of Ashenzari.
  2849 | D:2      | Noticed a black bear
  2889 | D:2      | Slain by a black bear

Illustrated notes

Levels and vault maps discovered:
D:1:      elethiomel_arrival_quiet, layout_basic, minmay_vboxes
D:2:      layout_loops_ring
D:3:      layout_basic, hellmonk_ecumenical_altar_crossroads
D:4:      cheibrodos_old_hovel, layout_rooms, nicolae_overflow_crystal_walls,
          nicolae_ashenzari_panopticon, grunt_ministairs_14, uniq_sigmund
D:5:      layout_basic
D:6:      layout_cave_pools, serial_shops, kennysheep_little_box

Skill      XL: |  1  2  3  4 |
---------------+-------------+-----
Dodging        | 2 |  2.8
Axes           | 1 |  1.7
Armour         | 1 |  1.8
Stealth        | 5 |  5.0
Throwing       | 1 |  1.0
Fighting       | |  3.8
Polearms       | |  1.7

Action                   |  1- 3 |  4- 6 || total
-------------------------+-------+-------++-------
Melee: Spear             |    25 |   215 ||   240
Throw: Dart              |       |    25 ||    25
Evoke: Wand              |       |     1 ||     1
  Use: Potion            |     1 |       ||     1
       Scroll            |       |     1 ||     1
 Stab: Sleeping          |     2 |    10 ||    12
Armor: Leather armour    |     3 |    11 ||    14
       Ring mail         |       |    28 ||    28
Dodge: Dodged            |    11 |   102 ||   113

Table legend: (Time is in decaauts)
 A = Elapsed time spent in this place.
 B = Non-inter-level travel time spent in this place.
 C = Inter-level travel time spent in this place.
 D = Time resting spent in this place.
 E = Time spent auto-exploring this place.
 F = Levels seen in this place.
 G = Mean time per level.
                   A        B        C        D        E       F      G
               +--------+--------+--------+--------+--------+-----+--------+
         Total |   2872 |   2773 |     99 |      0 |   2146 |   6 |  478.7 |
       Dungeon |   2872 |   2773 |     99 |      0 |   2146 |   6 |  478.7 |
               +--------+--------+--------+--------+--------+-----+--------+

Top non-repeatable levels by time:
     D:1: 914 daAuts
     D:3: 709 daAuts
     D:5: 684 daAuts
     D:2: 303 daAuts
     D:4: 245 daAuts
     D:6: 14 daAuts
